 Dungeon Sprint DCSS version 0.16-a0-3049-g2a447e9 (webtiles) character file.

49 BluebellGnoll the Gouger (level 3, -15/15 HPs)
             Began as a Felid Transmuter on Dec 9, 2014.
             Was an Initiate of Makhleb.
             Killed from afar by a deep elf conjurer (30 damage)
             ... with a bolt of cold
             ... in the Dungeon (Sprint V: "Ziggurat Sprint").
             The game lasted 00:01:41 (319 turns).

BluebellGnoll the Gouger (Felid Transmuter)          Turns: 319, Time: 00:01:41

Health: -15/15     AC:  2    Str: 12    XL:     3   Next: 53%
Magic:  6/9        EV: 23    Int: 21    God:    Makhleb [......]
Gold:   0          SH:  0    Dex: 21    Spells: 2 memorised, 4 levels left
                                        Lives:  0   Deaths: 0

rFire  . . .     SeeInvis +       - Unarmed
rCold  . . .     Clarity  .     (armour unavailable)
rNeg   . . .     SustAb   .     (shield unavailable)
rPois  x         Gourm    .     (helmet unavailable)
rElec  .         Spirit   .     (cloak unavailable)
rCorr  .         Warding  .     (gloves unavailable)
rMut   .         NoTele   +     (boots unavailable)
MR     .....                    (no amulet)
Stlth  ++........               s - +6 ring of strength
                                p - +6 ring of intelligence

@: spider-form, not resistant to hostile enchantments, unstealthy
A: paw claws, no armour, no weapons or thrown items, (fangs 0), see invisible,
carnivore 3, (speed 0), (shaggy fur 0), slow metabolism 1
a: End Transformation, Renounce Religion


You were in the Dungeon.
You worshipped Makhleb.
Makhleb was noncommittal.
You were not hungry.
You were a venomous arachnid creature.
You visited 1 branch

Inventory:

Missiles
 b - 12 arrows
Jewellery
 p - a +6 ring of intelligence (left front leg)
 r - a +6 ring of strength
 s - a +6 ring of strength (right front leg)
Magical devices
 c - a wand of disintegration (7)
 k - a wand of fire (5)
 l - a wand of cold (5)
 m - a wand of draining (5)
Scrolls
 j - 4 scrolls of blinking
 n - 4 scrolls of amnesia
 o - 3 scrolls of recharging
 q - 7 scrolls of fog
 t - a scroll of holy word
 u - 5 scrolls of identify
 v - 5 scrolls of remove curse
 w - 2 scrolls of fear
Potions
 e - 10 potions of curing
 f - 10 potions of heal wounds
 g - 6 potions of haste
 h - 7 potions of magic
 i - 3 potions of berserk rage
 x - 2 potions of brilliance
 z - 2 potions of invisibility
 A - 2 potions of restore abilities
 B - 4 potions of resistance
 D - 5 potions of agility
 E - 5 potions of might
Books
 d - a book of Changes

   Spells                             Type                      Level
   a - Beastly Appendage              Transmutation                1
   b - Sticks to Snakes               Transmutation                2
   c - Spider Form                    Transmutation/Poison         3
   d - Ice Form                       Ice/Transmutation            4
   e - Blade Hands                    Transmutation                5
Comestibles
 a - 5 meat rations


   Skills:
 - Level 1.2 Fighting
 - Level 4.1 Dodging
 - Level 0.4 Stealth
 + Level 9.5 Unarmed Combat
 - Level 3.0 Spellcasting
 - Level 2.7 Transmutations


You had 4 spell levels left.
You knew the following spells:

 Your Spells              Type           Power        Failure   Level  Hunger
a - Beastly Appendage     Trmt           ##....       14%         1    None
b - Spider Form           Trmt/Pois      #.........   45%         3    ###....


Dungeon Overview and Level Annotations

Branches:
Dungeon (1/1)

Altars:
Ashenzari
Cheibriados
Dithmenos
Elyvilon
Fedhas
Gozag
Kikubaaqudgha
Makhleb
Nemelex Xobeh
Okawaru
Qazlal
Ru
Sif Muna
Trog
Vehumet
Xom
Yredelemnul
Zin
The Shining One
Beogh
Jiyva
Lugonu


Innate Abilities, Weirdness & Mutations

You cannot wear armour.
You are incapable of wielding weapons or throwing items.
((Your paws have sharp claws.))
((You have razor-sharp teeth.))
You have supernaturally acute eyesight.
You are carnivorous and can eat meat at any time.
((You cover ground quickly.))
((You are covered in fur (AC +1).))
You have a slow metabolism.


Message History

Memorise Spider Form, consuming 3 spell levels and leaving 4?
You start memorising the spell.
You continue memorising.
You continue memorising. x2
You finish memorising.
Spell assigned to 'b'.
Casting: Beastly Appendage
Confirm with . or Enter, or press ? or * to list all spells.
You don't know that spell.
Unknown command.
Casting: Beastly Appendage
Confirm with . or Enter, or press ? or * to list all spells.
Okay, then.
Casting: Beastly Appendage
Confirm with . or Enter, or press ? or * to list all spells.
You turn into a venomous arachnid creature.
Your surroundings seem different!
Welcome to arena 2. 2 deep elf magi and a deep elf conjurer come into view.
The deep elf conjurer gestures at you while chanting.
The bolt of cold hits you!
Ouch! That really hurt!
You die...

▓▓▓▓▓▓▓▓▓▓▓▓▓
▓.8©8.▓.8©8.▓
▓.ee:.▓.....▓
▓...e.▓.).|.▓
▓.....▓.....▓
▓.....▓.....▓
▓.....▓.....▓
▓..s..▓▓▓▓▓▓▓
▓▓▓▓▓▓▓


You could see a deep elf conjurer and 2 deep elf magi.

Vanquished Creatures
  2 adders (D)
2 creatures vanquished.

Vanquished Creatures (others)
  Purgy (D)
1 creature vanquished.

Grand Total: 3 creatures vanquished

Notes
Turn   | Place    | Note
--------------------------------------------------------------
     0 | D        | BluebellGnoll, the Felid Transmuter, began the quest for the Orb.
     0 | D        | Reached XP level 1. HP: 9/9 MP: 4/4
     0 | D        | Found a viscous altar of Jiyva.
     0 | D        | Found a corrupted altar of Lugonu.
     0 | D        | Found a white marble altar of Elyvilon.
     2 | D        | Found a sparkling altar of Nemelex Xobeh.
     2 | D        | Found a burning altar of Makhleb.
     2 | D        | Found a deep blue altar of Sif Muna.
     3 | D        | Found a bloodstained altar of Trog.
     4 | D        | Killed Purgy
     6 | D        | Found an iron altar of Okawaru.
    14 | D        | Found a radiant altar of Vehumet.
    15 | D        | Found a basalt altar of Yredelemnul.
    28 | D        | Became a worshipper of Makhleb the Destroyer
    30 | D        | Found a shimmering altar of Xom.
    32 | D        | Entered arena 1.
    38 | D        | Reached skill level 4 in Unarmed Combat
    38 | D        | Reached XP level 2. HP: 6/12 MP: 4/6
    45 | D        | Acquired Makhleb's first power
   313 | D        | Reached skill level 9 in Unarmed Combat
   313 | D        | Reached XP level 3. HP: 15/15 MP: 9/9
   318 | D        | Learned a level 3 spell: Spider Form
   319 | D        | Entered arena 2.
   319 | D        | Noticed a deep elf mage
   319 | D        | Noticed a deep elf conjurer
   319 | D        | Noticed a deep elf mage
   319 | D        | Killed from afar by a deep elf conjurer

Action                   || total
-------------------------++-------
Melee: Unarmed           ||    11
 Cast: Beastly Appendage ||     1
       Spider Form       ||     1
  Use: Potion            ||     1
 Stab: Sleeping          ||     1
